 Dungeon Crawl Stone Soup version 0.28.0-47-ge53b351184 (webtiles) character file.

Game seed: 6008998329340017020

27 GigaChad the Magician (level 3, -1/22 HPs)
             Began as a Djinni Conjurer on Apr 26, 2022.
             Was a Follower of Hepliaklqana.
             Slain by a quokka (2 damage)
             ... on level 1 of the Dungeon.
             The game lasted 00:03:01 (1057 turns).

GigaChad the Magician (Djinni Conjurer)             Turns: 1057, Time: 00:03:01

Health: -1/22      AC:  2    Str:  6    XL:     3   Next: 25%
Gold:   23         EV: 12    Int: 19    God:    Hepliaklqana [*.....] SH:  0 Dex: 13

rFire   + + .      SeeInvis .   (no weapon)
rCold   x . .      Faith    .   (no shield)
rNeg    . . .      Spirit   .   a - +0 robe
rPois   ∞          Reflect  .   (no helmet)
rElec   .          Harm     .   (no cloak)
rCorr   .          Rampage  .   (no gloves)
Will    .....                   (boots unavailable)
Stlth   ++........              (no amulet)
HPRegen 0.07/turn               (no ring)
MPRegen 0.00/turn               (no ring)

@: flying
A: reduced essence, sickness immunity, fire resistance 2, cold vulnerability 1,
float, innate caster, HP casting, extra vitality 1
a: Renounce Religion, Recall Ancestor, Ancestor Identity


You were on level 1 of the Dungeon.
You worshipped Hepliaklqana.
Hepliaklqana was aware of your devotion.
You visited 1 branch of the dungeon, and saw 1 of its levels.

You collected 23 gold pieces.

Inventory:

Armour
 a - a +0 robe (worn)
Scrolls
 c - a scroll of enchant armour {unknown}


   Skills:
 + Level 2.2 Dodging
 + Level 1.6 Stealth
 + Level 3.9 Spellcasting


You couldn't memorise any spells.
You knew the following spells:

 Your Spells              Type           Power      Damage    Failure   Level
a - Magic Dart            Conj           72%        1d6       2%          1
b - Searing Ray           Conj           36%        2d5       4%          2
c - Dazzling Flash        Conj/Hex       36%        N/A       9%          3
d - Fulminant Prism       Conj/Hex       9%         3d7       26%         4
e - Iskenderun's Mystic   Conj/Tloc      18%        2d6       26%         4
f - Sting                 Tmut/Pois      72%        1d6       2%          1
Your spell library was empty.

Dungeon Overview and Level Annotations

Branches:
Dungeon (1/15)

Altars:
Hepliaklqana


Innate Abilities, Weirdness & Mutations

Your life essence is reduced to manifest your ancestor. (-10% HP)
You are immune to sickness and miasma.
You are immune to poison.
Your flesh is very heat resistant. (rF++)
You are vulnerable to cold. (rC-)
You float through the air rather than walking.
You learn spells naturally, not from books.
Your magical power is your life essence.
You have superior vitality. (+4 MHP)


Message History

A quokka comes into view.
The magic dart hits the endoplasm.
The endoplasm is moderately wounded.
The magic dart hits the endoplasm.
The endoplasm is heavily wounded.
You miscast Magic Dart.
You are very lightly contaminated with residual magic.
Nothing appears to happen.
The endoplasm barely misses you.
The magic dart hits the endoplasm but does no damage.
The endoplasm is heavily wounded.
The endoplasm hits you.
The magic dart hits the endoplasm.
The endoplasm is severely wounded.
The endoplasm completely misses you.
The magic dart hits the endoplasm but does no damage.
The endoplasm is severely wounded.
The endoplasm misses you.
The magic dart hits the endoplasm.
You kill the endoplasm!
The magic dart hits the kobold.
You kill the kobold!
You are too injured to fight recklessly!
You are too injured to fight recklessly!
You are too injured to fight recklessly!
You are too injured to fight recklessly!
You are too injured to fight recklessly!
You closely miss the quokka. The quokka bites you.
Your magical contamination has completely faded away.
You hit the quokka but do no damage. The quokka bites you.
* * * LOW HITPOINT WARNING * * *
You barely miss the quokka.
The quokka bites you but does no damage.
You hit the quokka but do no damage. The quokka bites you.
* * * LOW HITPOINT WARNING * * *
The quokka bites you.
* * * LOW HITPOINT WARNING * * *
You closely miss the quokka. The quokka closely misses you.
You hit the quokka but do no damage. The quokka closely misses you.
You closely miss the quokka. The quokka bites you.
You die...

♣♣PP #.....#. ....#
♣#♣'♣#♣' ## .# . #......
.. ############......
... ...........'......
.... ############......
..... .............#+#'
......###..#######♣.♣...
......r@R........+♣.♣...
##
......###.......##♣.♣...
.# ..... #.......#
♣.♣#.> .# .... #..##+#.#
♣.♣### .# ... #.†##.# #
.# .. #..##.# .# .
.#####.....# .+
.........######♣ .#
.........'......


You could see the friendly Caesarion the ancestor and a quokka (ally target).

Vanquished Creatures
  2 ball pythons (D:1)
  2 bats (D:1)
  4 endoplasms (D:1)
  2 giant cockroaches (D:1)
  3 goblins (D:1)
  A hobgoblin (D:1)
  4 frilled lizards (D:1)
  3 kobolds (D:1)
  4 rats (D:1)
25 creatures vanquished.

Vanquished Creatures (others)
  A plant (D:1)
1 creature vanquished.

Grand Total: 26 creatures vanquished

Notes
Turn   | Place    | Note
-------+----------+-------------------------------------------
     0 | D:1      | GigaChad the Djinni Conjurer began the quest for the Orb.
     0 | D:1      | Reached XP level 1. HP: 15/15 MP: 0/0
    97 | D:1      | Reached XP level 2. HP: 5/21 MP: 0/0
   764 | D:1      | Reached XP level 3. HP: 12/25 MP: 0/0
   764 | D:1      | Learned a level 1 spell: Sting
   790 | D:1      | Found a faded altar of an unknown god.
   966 | D:1      | Prayed at the altar of an unknown god.
   966 | D:1      | Became a worshipper of Hepliaklqana the Forgotten
   966 | D:1      | Reached * piety under Hepliaklqana
  1054 | D:1      | HP: 1/22 [quokka (3)]
  1057 | D:1      | Slain by a quokka

Illustrated notes

Levels and vault maps discovered:
D:1:      dpeg_arrival_court, layout_basic,
          shapermc_ecumenical_altar_starsandcircs, serial_forest,
          infiniplex_forest_lined_ring, infiniplex_forest_straight_3,
          infiniplex_forest_zigzag_1, infiniplex_forest_end_2,
          infiniplex_forest_lined_2, infiniplex_forest_lined_room_2,
          infiniplex_forest_clump_C

Action                   || total
-------------------------++-------
Melee: Unarmed           ||     8
 Cast: Magic Dart        ||    42
  Use: Scroll            ||     3
Armor: Robe              ||     1
Dodge: Dodged            ||    13
